Map: Echo LE (Void)

Players

Nerchio - Winner!

  • Race: Zerg Zerg
  • Spawn Location: 11:00

Rex

  • Race: Zerg Zerg
  • Spawn Location: 5:00

Event: WESG 2016 Finals

VOD

Have the link to the VOD?

Description

Time

  • Played on: Jan. 12, 2017, 5:37 a.m.
  • Length: 3:33

All games in this series

Show
View Real Time Build Order
Export as new Build Order

Nerchio Zerg - Winner!

Build Orders: Pool First 

Get SALT Encoding   

  12  0:00  Drone  
  13  0:13  Extractor  
  12  0:24  Spawning Pool  
  12  0:28  Drone  
  12  0:33  Drone  
  13  0:38  Drone  
  14  0:49  Overlord  
  14  1:11  Queen  
  14  1:12  Zergling x2  
  14  1:17  Metabolic Boost  
  17  1:20  Zergling x2  
  17  1:25  Zergling x2  
  19  1:28  Zergling x2  
  20  1:34  Zergling x2  
  21  1:44  Overlord  
  21  1:55  Zergling x2  
  22  2:06  Hatchery  
  21  2:08  Zergling x2  
  22  2:17  Zergling x2  
  22  2:19  Zergling x2  
  22  2:21  Zergling x2  
  25  2:24  Zergling x2  
  25  2:29  Zergling x2  
  27  2:40  Queen  
  29  2:48  Zergling x2  
  30  2:55  Overlord  
  30  3:05  Zergling x2  
  30  3:08  Zergling x2  
  30  3:12  Zergling x2  
Show
View Real Time Build Order
Export as new Build Order

Rex Zerg 

Build Orders: Hatch First 

Get SALT Encoding   

  12  0:01  Drone  
  13  0:11  Drone  
  14  0:33  Hatchery  
  13  0:48  Spawning Pool  
  12  0:51  Extractor  
  12  0:55  Drone  
  12  0:59  Drone  
  13  1:04  Drone  
  14  1:14  Overlord  
  14  1:35  Zergling x4  
  14  1:38  Zergling x2  
  17  1:46  Queen  
  19  1:53  Metabolic Boost  
  19  1:55  Zergling x2  
  19  1:58  Zergling x2  
  21  2:03  Zergling x2  
  22  2:08  Zergling x2  
  22  2:10  Zergling x2  
  22  2:14  Zergling x2  
  25  2:22  Zergling x4  
  27  2:30  Overlord  
  27  2:39  Zergling x2  
  27  2:48  Zergling x4  
  27  2:52  Zergling x2  
  28  3:00  Zergling x2  
  25  3:10  Zergling x2  
  19  3:13  Zergling x2  
Tags
 
Add a new tag
Caveats
  • Supply blocks, unpowered buildings, or Contaminate may cause inaccurate times.
  • Supply counts are checked every 10 seconds.